 Dungeon Crawl Stone Soup version 0.30-a0-1074-g5db6f66fbb (webtiles) character file.

Game seed: 369934279637880929

538 jimonade the Ogre Mage (level 7, -1/65 HPs)
             Began as an Ogre Hedge Wizard on Apr 14, 2023.
             Slain by an iguana (9 damage)
             ... on level 4 of the Dungeon.
             The game lasted 00:10:20 (4352 turns).

jimonade the Ogre Mage (Ogre Hedge Wizard)          Turns: 4352, Time: 00:10:20

Health: -1/65      AC:  5    Str: 17    XL:     7   Next: 26%
Magic:  14/24      EV: 10    Int: 15    God:
Gold:   135        SH:  0    Dex:  8    Spells: 11/16 levels left

rFire   . . .      SeeInvis .    a - +0 morningstar
rCold   + . .      Faith    .    (no shield)
rNeg    . . .      Spirit   .    b - +0 robe
rPois   .          Reflect  .    c - +0 hat
rElec   .          Rampage  .    r - +1 cloak
rCorr   .                        (gloves unavailable)
Will    .....                    (boots unavailable)
Stlth   +                        (no amulet)
HPRegen 0.30/turn                m - ring of magical power
MPRegen 0.19/turn                w - ring of protection from cold

@: no status effects
A: large, unfitting armour, tough skin 1
a: no special abilities


You were on level 4 of the Dungeon.
You visited 1 branch of the dungeon, and saw 4 of its levels.

You collected 135 gold pieces.

Inventory:

Hand Weapons
 a - a +0 morningstar (weapon)
 n - a +0 dagger
 q - a +0 double sword
 y - a +0 club
 A - a +0 morningstar
Missiles
 j - 28 stones
 k - 4 large rocks
Armour
 b - a +0 robe (worn)
 c - a +0 hat (worn)
 r - a +1 cloak (worn)
Jewellery
 h - a ring of protection from fire
 m - a ring of magical power (left hand)
 w - a ring of protection from cold (right hand)
Scrolls
 e - 3 scrolls of enchant armour {unknown}
 f - a scroll of acquirement {unknown}
 i - 2 scrolls of identify {unknown}
 s - a scroll of magic mapping {unknown}
 u - a scroll of fog {unknown}
 v - a scroll of vulnerability {unknown}
 x - 2 scrolls of teleportation {unknown}
Potions
 d - a potion of magic
 g - a potion of invisibility {unknown}
 l - 2 potions of curing {unknown}
 o - a potion of lignification {unknown}
 p - a potion of might {unknown}
 t - 2 potions of brilliance {unknown}
 z - a potion of mutation {unknown}


   Skills:
 + Level 2.1 Fighting
 + Level 2.2 Maces & Flails
 + Level 2.7 Dodging
 - Level 1.4 Stealth
 + Level 5.4 Spellcasting
 + Level 2.0 Conjurations
 * Level 2.9 Summonings
 * Level 2.6 Translocations


You had 11 spell levels left.
You knew the following spells:

 Your Spells              Type           Power      Damage    Failure   Level
a - Magic Dart            Conj           40%        1d5       7%          1
b - Blink                 Tloc           24%        N/A       8%          2
c - Call Imp              Summ           24%        N/A       7%          2

Your spell library contained the following spells:

 Spells                   Type           Power      Damage    Failure   Level
 Summon Small Mammal      Summ           48%        N/A       4%          1
 Call Canine Familiar     Summ           12%        N/A       14%         3
 Slow                     Hex            16%        N/A       16%         1
 Cigotuvi's Dreadful Rot  Necr/Pois/Air  8%         N/A       24%         2
 Summon Guardian Golem    Hex/Summ       8%         N/A       26%         3
 Mephitic Cloud           Conj/Pois/Air  6%         N/A       34%         3


Dungeon Overview and Level Annotations

Branches:
Dungeon (4/15)
 Temple: D:4-7

Altars:
Qazlal
Ru
Uskayaw
The Shining One

Shops:
D:1 !

Annotations:
D:3 1 runed translucent door, exclusions: door and 1 more exclusion, Crazy Yiuf


Innate Abilities, Weirdness & Mutations

You are too large for most types of armour.
You have tough skin. (AC +1)


Message History

The iguana is moderately wounded.
Your cerulean imp barely misses the iguana.
The iguana barely misses you.
Aiming: Magic Dart (safe; 7% risk of failure)
Press: ? - help, Q - select action, (/) - cycle Shift-Dir - straight line, f/p - iguana
Aim: an iguana (moderately wounded, ally target, 100% to hit)
The magic dart hits the iguana but does no damage.
The iguana is moderately wounded.
Your cerulean imp hits the iguana from afar with a -3 spear.
The iguana bites you!
* * * LOW HITPOINT WARNING * * *
You hit the iguana.
The iguana is heavily wounded.
Your cerulean imp hits the iguana from afar with a -3 spear.
The iguana bites you.
* * * LOW HITPOINT WARNING * * *
Your cerulean imp hits the iguana but does no damage.
Your magical contamination has completely faded away.
You closely miss the iguana.
The iguana is heavily wounded.
The iguana barely misses you.
Your cerulean imp hits the iguana from afar with a -3 spear.
The iguana barely misses you.
You closely miss the iguana.
The iguana is severely wounded.
Your cerulean imp barely misses the iguana.
The iguana bites you!
* * * LOW HITPOINT WARNING * * *
You hit the iguana.
The iguana is almost dead.
Your cerulean imp hits the iguana but does no damage.
The iguana barely misses you.
Your cerulean imp hits the iguana but does no damage.
You barely miss the iguana.
The iguana is almost dead.
The iguana bites you.
* * * LOW HITPOINT WARNING * * *
Your cerulean imp hits the iguana but does no damage.
The iguana bites you!
You die...

#.......##5#####
#.......##.#
#.......##†#
##.......##§##
#.....†...[..#
###........###.'.8.
#......##### ##...
#.l.5..# ...
#.@....# 8.
###.#..# . #.#..# #
#.#..# .#... .# .#
.#


You could see an iguana (ally target) and a friendly cerulean imp (summoned).

Vanquished Creatures
  A black bear (D:4)
  A scorpion (D:4)
  A hound (D:4)
  An orc wizard (D:4)
  5 gnolls
  3 adders
  3 worms
  3 dart slugs
  3 orcs (D:4)
  5 endoplasms
  2 giant cockroaches
  7 goblins
  6 hobgoblins
  3 quokkas
  8 ball pythons
  3 bats
  2 frilled lizards
  8 kobolds
  A rat (D:3)
66 creatures vanquished.

Vanquished Creatures (collateral kills)
  A phantom (D:4)
  Blork the orc (D:4)
  A hound (D:4)
  A dart slug (D:4)
  2 orcs (D:4)
  An endoplasm (D:4)
  A giant cockroach (D:4)
  2 hobgoblins (D:4)
  2 kobolds (D:4)
  2 quokkas (D:4)
14 creatures vanquished.

Grand Total: 80 creatures vanquished

Notes
Turn   | Place    | Note
-------+----------+-------------------------------------------
     0 | D:1      | jimonade the Ogre Hedge Wizard began the quest for the Orb.
     0 | D:1      | Reached XP level 1. HP: 16/16 MP: 5/5
    43 | D:1      | Found Ylium's Distillery.
   655 | D:1      | Reached skill level 4 in Spellcasting
   687 | D:1      | Reached XP level 2. HP: 24/24 MP: 7/7
   927 | D:1      | Reached skill level 1 in Conjurations
  1033 | D:2      | Found a sacrificial altar of Ru.
  1083 | D:2      | Reached skill level 1 in Translocations
  1467 | D:2      | Reached XP level 3. HP: 12/31 MP: 8/8
  1546 | D:2      | Learned a level 2 spell: Blink
  1549 | D:2      | Learned a level 2 spell: Call Imp
  1620 | D:2      | Reached skill level 1 in Summonings
  2197 | D:3      | Reached XP level 4. HP: 34/40 MP: 10/10
  2505 | D:3      | Reached skill level 1 in Maces & Flails
  2542 | D:3      | Found a runed translucent door.
  2543 | D:3      | Noticed Crazy Yiuf
  2569 | D:3      | Reached skill level 1 in Fighting
  2719 | D:3      | Found a stormy altar of Qazlal.
  2719 | D:3      | Found a hide-covered altar of Uskayaw.
  2751 | D:3      | HP: 2/41 [adder (2)]
  2993 | D:4      | Reached XP level 5. HP: 48/48 MP: 11/11
  3741 | D:4      | Found a glowing golden altar of the Shining One.
  3827 | D:4      | Noticed a black bear
  3836 | D:4      | Killed a black bear
  3837 | D:4      | Reached XP level 6. HP: 39/57 MP: 13/13
  3946 | D:4      | Reached skill level 5 in Spellcasting
  3952 | D:4      | Identified the +0 leather armour "Yremnaiwn" {Rampage rF+
                  | Will+}
  4150 | D:4      | Noticed Blork the orc
  4184 | D:4      | Killed Blork the orc
  4185 | D:4      | Reached XP level 7. HP: 30/65 MP: 15/15
  4352 | D:4      | Slain by an iguana

Illustrated notes

Levels and vault maps discovered:
D:1:      spicycebolla_arrival_ecumenical, layout_loops_ring, serial_shops,
          nicolae_shop_advertising_works [nicolae_subvault_shop_adworks],
          serial_park_tiny_2, minmay_misc_feat_plants
D:2:      layout_loops_cross, basic_altar, minivault_24, grunt_decor_clamped,
          small_statue_intersection, st_stairs_6, minmay_misc_feat_columns
D:3:      layout_rooms, nicolae_overflow_two_pavilions, uniq_crazy_yiuf_cottage
D:4:      minmay_chambers_of_threes, layout_basic, nicolae_tso_carved_into_rock,
          minmay_between, uniq_blork_the_orc

Skill      XL: |  1  2  3  4  5  6 |
---------------+-------------------+-----
Spellcasting   | 4 5 |  5.4
Dodging        | 2 |  2.7
Conjurations   | 1 2 |  2.0
Translocations | 1 2 |  2.6
Summonings     | 1 2 |  2.9
Maces & Flails | 1 2 |  2.2
Fighting       | 1 2 |  2.1
Stealth        | |  1.4

Action                     |  1- 3 |  4- 6 |  7- 9 || total
---------------------------+-------+-------+-------++-------
  Melee: Dagger            |     2 |       |       ||     2
         Morningstar       |    27 |   109 |    12 ||   148
         Punch             |     1 |     1 |       ||     2
   Cast: Magic Dart        |    81 |    72 |     8 ||   161
         Call Imp          |       |    19 |     2 ||    21
 Armour: Robe              |    17 |    58 |     2 ||    77
  Dodge: Dodged            |    18 |    64 |    17 ||    99

Table legend: (Time is in decaauts)
 A = Elapsed time spent in this place.
 B = Non-inter-level travel time spent in this place.
 C = Inter-level travel time spent in this place.
 D = Time resting spent in this place.
 E = Time spent auto-exploring this place.
 F = Levels seen in this place.
 G = Mean time per level.
                   A        B        C        D        E       F      G
               +--------+--------+--------+--------+--------+-----+--------+
         Total |   4415 |   4294 |    121 |    518 |   2741 |   4 | 1103.8 |
       Dungeon |   4415 |   4294 |    121 |    518 |   2741 |   4 | 1103.8 |
               +--------+--------+--------+--------+--------+-----+--------+

Top non-repeatable levels by time:
     D:4: 1393 daAuts
     D:2: 1102 daAuts
     D:1: 1100 daAuts
     D:3: 819 daAuts
